 Dungeon Crawl Stone Soup version 0.22-a0-433-gd2a9cce (webtiles) character file.

1305 Mgcat the Cleaver (level 8, -11/64 HPs)
             Began as a Hill Orc Berserker on May 28, 2018.
             Was a Believer of Trog.
             Mangled by a two-headed ogre
             ... wielding a +0 giant club
              (19 damage)
             ... on level 8 of the Dungeon.
             The game lasted 00:07:06 (1904 turns).

Mgcat the Cleaver (Hill Orc Berserker)              Turns: 1904, Time: 00:07:06

Health: -11/64     AC:  8    Str: 22    XL:     8   Next: 57%
Magic:  8/8        EV:  8    Int:  7    God:    Trog [**....]
Gold:   32         SH:  0    Dex: 10    Spells: 7/7 levels left

rFire    . . .     SeeInvis .   f - +2 hand axe (vamp) {!w}
rCold    . . .     Gourm    .   (no shield)
rNeg     . . .     Faith    .   h - +0 chain mail
rPois    .         Spirit   .   (no helmet)
rElec    .         Reflect  .   (no cloak)
rCorr    .         Harm     .   (no gloves)
MR       ++...                  (no boots)
Stlth    ..........             (no amulet)
HPRegen  1.20/turn              (no ring)
MPRegen  0.11/turn              (no ring)

@: berserk cooldown, regenerating, slowed, very slow
A: no striking features
a: Berserk, Trog's Hand, Renounce Religion


You were on level 8 of the Dungeon.
You worshipped Trog.
Trog was pleased with you.
You were near starving.

You visited 1 branch of the dungeon, and saw 8 of its levels.

You collected 82 gold pieces.
You spent 50 gold pieces at shops.

Inventory:

Hand Weapons
 b - a cursed -3 hand axe
   (You found it on level 7 of the Dungeon)
 f - a +2 vampiric hand axe (weapon) {!w}
   (You took it off an orc on level 8 of the Dungeon)
 m - a +0 hand axe of electrocution
   (You took it off an orc on level 3 of the Dungeon)
 o - a +0 war axe
   (You took it off an orc on level 8 of the Dungeon)
Missiles
 i - 5 curare-tipped needles
Armour
 h - a +0 chain mail (worn)
   (You found it on level 2 of the Dungeon)
Scrolls
 d - a scroll of magic mapping {unknown}
 p - a scroll of immolation {unknown}
Potions
 e - a potion of agility
 g - a potion of magic
 j - a potion of lignification {!q}
 k - 2 potions of haste
 l - 2 potions of heal wounds
 n - a potion of brilliance {unknown}
Comestibles
 c - a ration


   Skills:
 + Level 3.6 Fighting
 - Level 13.2 Axes
 - Level 2.1 Armour
 - Level 1.5 Dodging


You had 7 spell levels left.
You didn't know any spells.
Your spell library was empty.

Dungeon Overview and Level Annotations

Branches:
Dungeon (8/15)
 Temple: D:4-7         Lair: D:8-11

Altars:

Shops:
D:8 *!%


Message History

Eat one of 2 chunks of flesh {@w0}? (ye/n/q)
You eat one of the 2 chunks of flesh {@w0}.
This raw flesh tastes terrible.
The hungry ghost hits you.
You feel a lot more hungry.
You hit the hungry ghost.
The hungry ghost is heavily damaged.
The hungry ghost hits you.
You are feeling very hungry.
You barely miss the hungry ghost.
The hungry ghost is heavily damaged.
Your chain mail prevents you from hitting the hungry ghost.
The hungry ghost is heavily damaged.
The hungry ghost hits you.
You are near starving!
You miss the hungry ghost.
The hungry ghost is heavily damaged.
The hungry ghost hits you.
You feel quite a bit more hungry.
You're too hungry.
You closely miss the hungry ghost.
The hungry ghost is heavily damaged.
You hit the hungry ghost.
The hungry ghost is severely damaged.
The hungry ghost hits you.
You are starving!
You hit the hungry ghost.
The hungry ghost is severely damaged.
The hungry ghost hits you.
You feel somewhat more hungry.
Eat a chunk of flesh {@w0}? (ye/n/q)
You eat the chunk of flesh {@w0}.
This raw flesh tastes terrible.
You are feeling very hungry.
The hungry ghost hits you.
You are near starving!
Okay, then.
Unknown command.
You're too hungry.
Unknown command.
You barely miss the hungry ghost.
The hungry ghost is severely damaged.
The hungry ghost hits you.
You are starving!
You eat one of the 2 rations.
That ration really hit the spot!
The hungry ghost hits you.
You feel a lot more hungry.
A red film seems to cover your vision as you go berserk!
You feel yourself moving faster!
You feel mighty!
You are feeling hungry.
The hungry ghost hits you.
You are feeling very hungry.
You hit the hungry ghost.
The hungry ghost is severely damaged.
You slash the hungry ghost!
The hungry ghost is almost destroyed.
You miss the hungry ghost.
The hungry ghost is almost destroyed.
The hungry ghost hits you.
You are near starving!
You slash the hungry ghost!
You destroy the hungry ghost!
Trog accepts your kill.
Training target 13.0 for Axes reached!
Your Axes skill increases to level 13!
You need to enable at least one skill for training.
Unknown command.
Unknown command.
Calm down first, please.
Unknown command.
You feel a strong urge to attack something.
You feel your anger nearly subside.
You are no longer berserk.
Trog's vigour flows through your veins.
You are exhausted.
You feel yourself slow down.
There is an entrance to Jethulun's Assorted Antiques here.
Unknown command.
Unknown command.
Unknown command.
Unknown command.
Unknown command.
Unknown command.
A two-headed ogre comes into view. It is wielding two giant clubs.
Unknown command.
Unknown command.
Your skin crawls.
You feel resistant to hostile enchantments.
You feel somewhat more hungry.
The two-headed ogre hits you with a giant club! x2
Your chain mail prevents you from hitting the two-headed ogre.
The two-headed ogre hits you with a giant club!
The two-headed ogre hits you with a giant club.
Your chain mail prevents you from hitting the two-headed ogre.
You hit the two-headed ogre.
You feel better.
The two-headed ogre is lightly wounded.
The two-headed ogre barely misses you.
The two-headed ogre hits you with a giant club!
Your chain mail prevents you from hitting the two-headed ogre.
The two-headed ogre is lightly wounded.
The two-headed ogre hits you with a giant club!
* * * LOW HITPOINT WARNING * * *
The two-headed ogre hits you with a giant club!
* * * LOW HITPOINT WARNING * * *
The two-headed ogre hits you with a giant club!!
You die...

### #### #.# ##
#..####.# #.#
#.##O#♣..# ##..# #.
##@...##....## ..
###♣∩♣........####
##.............###.....
.......♣...### #....
.##...##..## #...#
##..##...###....+ ..
..##...........#+#.#
......#.##........)..
......##.###.##.......


You could see a two-headed ogre.

Vanquished Creatures
  A hungry ghost (D:8)
  Edmund (D:4)
  An orc warrior (D:8)
  An ice beast (D:5)
  A centaur (D:7)
  2 bullfrogs (D:8)
  A howler monkey (D:6)
  2 crimson imps
  A bullfrog zombie (D:8)
  A quasit (D:7)
  A hound (D:7)
  3 orc priests
  5 orc wizards
  An iguana (D:8)
  3 worker ants
  A howler monkey skeleton (D:3)
  A worker ant zombie (D:3)
  3 adders
  An adder zombie (D:3)
  3 adder skeletons
  A worm (D:3)
  A leopard gecko (D:3)
  17 orcs
  6 bats
  A giant cockroach (D:2)
  5 goblins
  3 hobgoblins
  9 jackals
  2 ball pythons
  A frilled lizard (D:3)
  A jackal skeleton (D:3)
  A jackal zombie (D:3)
  A leopard gecko skeleton (D:7)
  A leopard gecko zombie (D:3)
  4 rats
88 creatures vanquished.

Notes
Turn   | Place    | Note
-------+----------+-------------------------------------------
     0 | D:1      | Mgcat the Hill Orc Berserker began the quest for the Orb.
     0 | D:1      | Reached XP level 1. HP: 19/19 MP: 1/1
    78 | D:1      | Reached XP level 2. HP: 17/26 MP: 2/2
   194 | D:2      | Reached skill level 5 in Axes
   259 | D:2      | Reached XP level 3. HP: 25/31 MP: 3/3
   510 | D:3      | Reached skill level 6 in Axes
   513 | D:3      | Reached XP level 4. HP: 39/39 MP: 4/4
   593 | D:3      | Reached ** piety under Trog
   841 | D:3      | Reached skill level 7 in Axes
   899 | D:4      | Noticed Edmund
   903 | D:4      | Killed Edmund
   903 | D:4      | Reached skill level 8 in Axes
   903 | D:4      | Reached XP level 5. HP: 45/45 MP: 5/5
   937 | D:4      | Reached XP level 6. HP: 48/51 MP: 6/6
   944 | D:4      | Reached skill level 9 in Axes
   975 | D:5      | Entered Level 5 of the Dungeon
  1007 | D:5      | Noticed an ice beast
  1012 | D:5      | Killed an ice beast
  1106 | D:6      | Reached skill level 10 in Axes
  1106 | D:6      | Reached XP level 7. HP: 57/57 MP: 7/7
  1317 | D:7      | Reached skill level 11 in Axes
  1481 | D:8      | Found Xixecox's Food Emporium.
  1499 | D:8      | Reached skill level 12 in Axes
  1499 | D:8      | Reached XP level 8. HP: 62/64 MP: 8/8
  1524 | D:8      | HP: 12/64 [orc priest/divine providence (16)]
  1643 | D:8      | Bought a ration for 50 gold pieces
  1835 | D:8      | Found Nyaciurr's Distillery.
  1854 | D:8      | Found Jethulun's Assorted Antiques.
  1889 | D:8      | Reached skill level 13 in Axes
  1897 | D:8      | Noticed a two-headed ogre
  1902 | D:8      | HP: 5/64 [two-headed ogre/giant club (13)]
  1904 | D:8      | Mangled by a two-headed ogre

Vault maps used:
D:1:      minmay_arrival_arboretum_large
D:3:      serial_undead, serial_undead_d, serial_undead_c, serial_undead_d,
          serial_undead_d, serial_undead_b, serial_undead_d, serial_undead_f,
          serial_undead_d
D:4:      roderic_batcave, trog_wizard, uniq_edmund
D:5:      cheibrodos_iron_armory, minmay_temple_entry_mist, serial_bayou,
          serial_bayou_pond_c, serial_bayou_pond_e, serial_bayou_shore_a,
          serial_bayou_pond_b, first_ration, hangedman_minor_gate_pass
D:6:      serial_shops, shop, minmay_misc_feat_room, uniq_sigmund
D:7:      nicolae_overflow_hidden_temple, makhleb_heckhound_becter,
          serial_bayou, serial_bayou_pond_b, serial_bayou_shore_b,
          serial_bayou_pond_c, serial_bayou_pond_e, serial_bayou_pond_e,
          serial_bayou_pond_b, the_bakery
D:8:      kennysheep_vampire_church, lair_entry_dummy, serial_shops,
          nicolae_shop_behind_doors, shop, kennysheep_little_box,
          nicolae_shop_trees, shop

Skill      XL: |  1  2  3  4  5  6  7  8 |
---------------+-------------------------+-----
Axes           | 5 6 8 10 12 13 | 13.2
Fighting       | |  3.6
Armour         | |  2.1
Dodging        | |  1.5

Action                   |  1- 3 |  4- 6 |  7- 9 || total
-------------------------+-------+-------+-------++-------
Melee: Hand axe          |    56 |    97 |   127 ||   280
Invok: Berserk           |     3 |     4 |     5 ||    12
       Trog's Hand       |       |     1 |     2 ||     3
  Use: Scroll            |       |     5 |     1 ||     6
  Eat: Chunk             |     1 |     6 |    11 ||    18
       Ration            |       |       |     3 ||     3
Armor: Animal skin       |    16 |       |       ||    16
       Chain mail        |     2 |    47 |    51 ||   100
Dodge: Dodged            |    52 |    43 |    35 ||   130

Table legend:
 A = Spawn XP
 B = Non-spawn XP
 C = Spawn XP percentage of total XP
 D = Spawn monster count
 E = Non-spawn monster count
 F = Spawn count percentage of total count
 G = Total turns spent on level
                    A         B        C        D         E        F      G
               +---------+---------+-------+---------+---------+-------+---------
         Total |       0 |    1865 |   0.0 |       0 |      88 |   0.0 |  1904
               +---------+---------+-------+---------+---------+-------+---------
           D:1 |       0 |      13 |   0.0 |       0 |       7 |   0.0 |   183
           D:2 |       0 |      44 |   0.0 |       0 |      16 |   0.0 |   323
           D:3 |       0 |      94 |   0.0 |       0 |      22 |   0.0 |   393
           D:4 |       0 |     248 |   0.0 |       0 |       8 |   0.0 |    76
           D:5 |       0 |     204 |   0.0 |       0 |       3 |   0.0 |   115
           D:6 |       0 |      68 |   0.0 |       0 |       2 |   0.0 |   148
           D:7 |       0 |     330 |   0.0 |       0 |      12 |   0.0 |   233
           D:8 |       0 |     864 |   0.0 |       0 |      18 |   0.0 |   433
               +---------+---------+-------+---------+---------+-------+---------

Vault maps used:
D:1:      minmay_arrival_arboretum_large
D:3:      serial_undead, serial_undead_d, serial_undead_c, serial_undead_d,
          serial_undead_d, serial_undead_b, serial_undead_d, serial_undead_f,
          serial_undead_d
D:4:      roderic_batcave, trog_wizard, uniq_edmund
D:5:      cheibrodos_iron_armory, minmay_temple_entry_mist, serial_bayou,
          serial_bayou_pond_c, serial_bayou_pond_e, serial_bayou_shore_a,
          serial_bayou_pond_b, first_ration, hangedman_minor_gate_pass
D:6:      serial_shops, shop, minmay_misc_feat_room, uniq_sigmund
D:7:      nicolae_overflow_hidden_temple, makhleb_heckhound_becter,
          serial_bayou, serial_bayou_pond_b, serial_bayou_shore_b,
          serial_bayou_pond_c, serial_bayou_pond_e, serial_bayou_pond_e,
          serial_bayou_pond_b, the_bakery
D:8:      kennysheep_vampire_church, lair_entry_dummy, serial_shops,
          nicolae_shop_behind_doors, shop, kennysheep_little_box,
          nicolae_shop_trees, shop

Table legend:
 A = Turns spent in this place as a percentage of turns spent in the entire game.
 B = Non-inter-level travel turns spent in this place as a percentage of non-inter-level travel turns spent in the entire game.
 C = Inter-level travel turns spent in this place as a percentage of turns spent in this place.
 D = Turns resting spent in this place as a percentage of non-inter-level travel turns spent in this place.
 E = Turns spent auto-exploring this place as a percentage of non-inter-level travel turns spent in this place.
 F = Non-inter-level travel turns spent in this place divided by the number of levels of this place that you've seen.
                   A       B       C       D       E      F
               +-------+-------+-------+-------+-------+----------------------
         Total | 100.0 | 100.0 |   2.4 |  14.9 |  46.4 | 232.2
       Dungeon | 100.0 | 100.0 |   2.4 |  14.9 |  46.4 | 232.2
               +-------+-------+-------+-------+-------+----------------------

Table legend:
 A = Kills in this place as a percentage of kills in entire the game.
 B = Kills by you in this place as a percentage of kills by you in the entire game.
 C = Kills by friends in this place as a percentage of kills by friends in the entire game.
 D = Other kills in this place as a percentage of other kills in the entire game.
 E = Experience gained in this place as a percentage of experience gained in the entire game.
 F = Experience gained in this place divided by the number of levels of this place that you have seen.
                   A       B       C       D       E      F
               +-------+-------+-------+-------+-------+----------------------
         Total | 100.0 | 100.0 |   N/A |   N/A | 100.0 | 233.1
       Dungeon | 100.0 | 100.0 |   N/A |   N/A | 100.0 | 233.1
               +-------+-------+-------+-------+-------+----------------------
